 Dungeon Sprint DCSS version 0.26-a0-227-g1af32d979d (webtiles) character file.

Game seed: 11182483804133021127

450 MordorOrchid the Covert (level 6, -2/34 HPs)
             Began as a Spriggan Enchanter on July 7, 2020.
             Was an Initiate of Elyvilon.
             Slain by a wraith (7 damage)
             ... in the Dungeon (Sprint IX: "|||||||||||||||||||||||||||||").
             The game lasted 00:06:16 (319 turns).

MordorOrchid the Covert (Spriggan Enchanter)         Turns: 319, Time: 00:06:17

Health: -2/34      AC:  3    Str:  4    XL:     6   Next: 74%
Magic:  9/17       EV: 26    Int: 21    God:    Elyvilon [......]
Gold:   0          SH:  0    Dex: 17    Spells: 7/19 levels left

rFire    . . .     SeeInvis +   y - +2 rapier (venom)
rCold    . . .     Faith    .   (shield restricted)
rNeg     . . .     Spirit   .   b - +0 robe
rPois    .         Reflect  .   (helmet restricted)
rElec    .         Harm     .   n - +0 cloak
rCorr    .         NoTele   +   (gloves unavailable)
MR       +....                  (boots unavailable)
Stlth    ++++......             (no amulet)
HPRegen  0.11/turn              o - +3 ring of intelligence
MPRegen  0.15/turn              p - +2 ring of evasion

@: very slightly contaminated, very quick
A: very small, unfitting armour, see invisible, herbivore, speed 3, slow
metabolism 2
a: Renounce Religion


You were in the Dungeon.
You worshipped Elyvilon.
Elyvilon was noncommittal.
You were not hungry.

You visited 1 branch

Inventory:

Hand Weapons
 l - a +1 dagger
 m - a +2 scimitar of flaming
 y - a +2 rapier of venom (weapon)
Armour
 b - a +0 robe (worn)
 n - a +0 cloak (worn)
Magical Staves
 x - an uncursed staff of energy
Jewellery
 o - a +3 ring of intelligence (left hand)
 p - a +2 ring of evasion (right hand)
Wands
 i - a wand of acid (10)
Scrolls
 c - 3 scrolls of remove curse
 g - 2 scrolls of amnesia
 j - 2 scrolls of blinking
Potions
 e - 5 potions of curing
 f - 3 potions of heal wounds
 h - 4 potions of magic
Comestibles
 d - a ration


   Skills:
 * Level 4.6 Fighting
 * Level 4.7 Short Blades
 * Level 8.2 Dodging
 + Level 9.3 Stealth
 + Level 7.0 Spellcasting
 * Level 1.8 Conjurations
 + Level 7.1 Hexes
 - Level 2.0 Ice Magic
 * Level 2.4 Invocations
 - Level 6.0 Evocations


You had 7 spell levels left.
You knew the following spells:

 Your Spells              Type           Power        Failure   Level
a - Corona                Hex            #####..      1%          1
b - Ensorcelled Hibernat  Hex/Ice        ####..       1%          2
d - Tukima's Dance        Hex            #####...     1%          3
e - Dazzling Flash        Conj/Hex       ####..       4%          3
A - Confusing Touch       Hex            #####...     1%          3

Your spell library contained the following spells:

 Spells                   Type           Power        Failure   Level


Dungeon Overview and Level Annotations

Branches:
Dungeon (1/1)

Altars:
Cheibriados
Dithmenos
Elyvilon
Fedhas
Gozag
Hepliaklqana
Kikubaaqudgha
Makhleb
Nemelex Xobeh
Okawaru
Qazlal
Ru
Sif Muna
Trog
Uskayaw
Vehumet
Wu Jian
Xom
Yredelemnul
Zin
The Shining One
Beogh
Jiyva
Lugonu


Innate Abilities, Weirdness & Mutations

You are very small and have problems with some larger weapons.
You are too small for most types of armour.
You have supernaturally acute eyesight. (SInv)
You are a herbivore.
You cover ground extremely quickly.
You need to consume almost no food.


Message History

Casting: Ensorcelled Hibernation (safe; 1% risk of failure)
Confirm with . or Enter, or press ? or * to list all spells.
Your hands begin to glow red.
You hit the wraith but do no damage. The wraith hits you!
You hit the wraith but do no damage. The wraith misses you.
You hit the wraith but do no damage.
The wraith appears confused.
The wraith hits you!
* * * LOW HITPOINT WARNING * * *
You hit the wraith.
The wraith is lightly damaged.
The wraith completely misses you.
Okay, then.
You hit the wraith but do no damage.
The wraith is lightly damaged.
The wraith completely misses you.
You catch the helpless wraith completely off-guard!
You puncture the wraith!
The wraith is moderately damaged.
The wraith hits you!
You die... ▓▓▓▓▓▓▓▓▓▓▓▓▓▓▓▓▓▓▓▓▓▓▓▓▓▓ ________'...).[[@W).)....+ ▓▓▓▓▓▓▓▓▓▓▓▓▓▓▓▓▓▓▓▓▓▓▓▓▓▓

You could see a wraith (confused).

Vanquished Creatures
  A hippogriff (D)
  An orc warrior (D)
  An ogre (D)
  A big kobold (D)
  An orc wizard (D)
  A worker ant (D)
  An adder (D)
  2 adder skeletons (D)
  A bat skeleton (D)
  2 hobgoblins (D)
  2 kobolds (D)
  A frilled lizard (D)
15 creatures vanquished.

Notes
Turn   | Place    | Note
-------+----------+-------------------------------------------
     0 | D        | MordorOrchid the Spriggan Enchanter began the quest for the
                  | Orb.
     0 | D        | Reached XP level 1. HP: 9/9 MP: 5/5
     9 | D        | Reached skill level 1 in Fighting
   144 | D        | Noticed a worker ant
   144 | D        | Noticed an orc wizard
   144 | D        | Noticed an ogre
   151 | D        | Killed a worker ant
   151 | D        | Reached skill level 5 in Dodging
   151 | D        | Reached skill level 5 in Stealth
   151 | D        | Reached XP level 2. HP: 16/16 MP: 6/8
   152 | D        | Reached XP level 3. HP: 19/19 MP: 6/9
   159 | D        | Reached skill level 6 in Stealth
   174 | D        | Killed an ogre
   174 | D        | Reached skill level 7 in Stealth
   174 | D        | Reached skill level 5 in Hexes
   174 | D        | Reached XP level 4. HP: 25/25 MP: 7/13
   174 | D        | Reached XP level 5. HP: 29/29 MP: 7/14
   186 | D        | Learned a level 3 spell: Confusing Touch
   189 | D        | Learned a level 2 spell: Ensorcelled Hibernation
   193 | D        | Learned a level 3 spell: Tukima's Dance
   197 | D        | Learned a level 3 spell: Dazzling Flash
   225 | D        | Reached skill level 8 in Stealth
   237 | D        | Found a roughly hewn altar of Beogh.
   237 | D        | Found a snail-covered altar of Cheibriados.
   237 | D        | Found a shadowy altar of Dithmenos.
   237 | D        | Found a white marble altar of Elyvilon.
   237 | D        | Found a blossoming altar of Fedhas.
   237 | D        | Found an opulent altar of Gozag.
   238 | D        | Found a hazy altar of Hepliaklqana.
   239 | D        | Found a viscous altar of Jiyva.
   240 | D        | Found an ancient bone altar of Kikubaaqudgha.
   241 | D        | Found a corrupted altar of Lugonu.
   242 | D        | Found a burning altar of Makhleb.
   243 | D        | Became a worshipper of Elyvilon the Healer
   244 | D        | Found a sparkling altar of Nemelex Xobeh.
   245 | D        | Found an iron altar of Okawaru.
   246 | D        | Found a stormy altar of Qazlal.
   247 | D        | Found a sacrificial altar of Ru.
   248 | D        | Found a shimmering blue altar of Sif Muna.
   249 | D        | Found a bloodstained altar of Trog.
   250 | D        | Found a hide-covered altar of Uskayaw.
   251 | D        | Found a radiant altar of Vehumet.
   252 | D        | Found an ornate altar of the Wu Jian Council.
   253 | D        | Found a shimmering altar of Xom.
   254 | D        | Found a basalt altar of Yredelemnul.
   255 | D        | Found a glowing silver altar of Zin.
   256 | D        | Found a glowing golden altar of the Shining One.
   292 | D        | Noticed a hippogriff
   292 | D        | Noticed an orc warrior
   292 | D        | Noticed a wraith
   294 | D        | Reached skill level 1 in Evocations
   298 | D        | Killed a hippogriff
   298 | D        | Reached skill level 1 in Conjurations
   298 | D        | Reached skill level 1 in Ice Magic
   298 | D        | Reached skill level 1 in Invocations
   298 | D        | Reached XP level 6. HP: 34/34 MP: 14/16
   305 | D        | Killed an orc warrior
   305 | D        | Reached skill level 9 in Stealth
   319 | D        | Slain by a wraith

Illustrated notes

Levels and vault maps discovered:
D:        linesprint [early_d, line_temple, items_1, d_10, items_2, lair_1,
          lair_end, items_3, orc_1, orc_end, items_4, d_15, swamp_1, shoals_1,
          snake_1, spider_1, d_20, vaults_1, items_5, swamp_end, shoals_end,
          snake_end, spider_end, vaults_end, d_27, items_6, zot_1, zot_end,
          crypt_end, forest_end, elf_end, slime_end, tomb_end, abyss_end,
          pan_hell_end]

Skill      XL: |  1  2  3  4  5  6 |
---------------+-------------------+-----
Fighting       | 2 3 4 |  4.6
Dodging        | 5 6 7 8 |  8.2
Stealth        | 5 7 8 9 |  9.3
Spellcasting   | 4 6 7 |  7.0
Hexes          | 4 5 6 7 |  7.1
Evocations     | 6 |  6.0
Short Blades   | 3 4 |  4.7
Conjurations   | 1 |  1.8
Ice Magic      | 1 2 |  2.0
Invocations    | 1 2 |  2.4

Action                   |  1- 3 |  4- 6 || total
-------------------------+-------+-------++-------
Melee: Dagger            |    48 |    10 ||    58
       Rapier            |       |    19 ||    19
 Cast: Corona            |     7 |       ||     7
       Confusing Touch   |       |     2 ||     2
       Tukima's Dance    |       |     1 ||     1
       Ensorcelled Hiber |       |     1 ||     1
  Use: Potion            |     2 |     1 ||     3
 Stab: Invisible         |       |     3 ||     3
       Sleeping          |       |     3 ||     3
       Confused          |       |     2 ||     2
Armor: Robe              |     2 |     1 ||     3
Dodge: Dodged            |    35 |    21 ||    56

Table legend:
 A = Non-vault XP
 B = Vault XP
 C = Vault XP percentage of total XP
 D = Non-vault monster count
 E = Vault monster count
 F = Vault count percentage of total count
                 A         B        C        D         E       F
            +---------+---------+-------+---------+---------+-------
      Total |       0 |     644 | 100.0 |       0 |      15 | 100.0
            +---------+---------+-------+---------+---------+-------
          D |       0 |     644 | 100.0 |       0 |      15 | 100.0
            +---------+---------+-------+---------+---------+-------
